 Dungeon Crawl Stone Soup version bcrawl-1.21.3 (webtiles) character file.

Game seed: 161748189676041290

1405 funkygono the Magician (level 8, 0/46 HPs)
             Began as a Skeleton Skald on Mar 29, 2020.
             Was an Initiate of Vehumet.
             Slain by an orc warrior
             ... wielding a +0 trident
              (15 damage)
             ... on level 6 of the Dungeon.
             The game lasted 00:19:17 (7091 turns).

funkygono the Magician (Skeleton Skald)             Turns: 7091, Time: 00:19:18

Health: 0/46       AC:  5    Str: 19    XL:     8   Next: 42%
Magic:  0/28       EV: 13    Int: 13    God:    Vehumet [......]
Gold:   162        SH:  0    Dex:  8    Spells: 12/21 levels left

rFire    . . .     SeeInvis .   r - +0 quarterstaff (crush)
rCold    + . .     Gourm    .   (shield currently unavailable)
rNeg     + + +     Faith    .   b - +1 leather armour
rPois    ∞         Spirit   +   m - +0 helmet "Visoheot" {rCorr}
rElec    .         Reflect  .   (no cloak)
rCorr    +         Harm     .   (no gloves)
MR       +....                  (no boots)
Stlth    +.........             h - amulet of regeneration
HPRegen  0.55/turn              i - ring of magical power
MPRegen  0.21/turn              (no ring)

@: infused (expiring)
A: no food or potions, cold resistance 1, deterioration 1, negative energy
resistance 3, powered by death 1, torment resistance, unbreathing, magic shield,
sturdy frame 1, spell healing
a: Renounce Religion


You were on level 6 of the Dungeon.
You worshipped Vehumet.
Vehumet was noncommittal.
You were not hungry.

You visited 2 branches of the dungeon, and saw 7 of its levels.

You collected 372 gold pieces.
You spent 210 gold pieces at shops.

Inventory:

Hand Weapons
 a - a +0 mace
 r - a +0 quarterstaff of crushing (weapon)
Missiles
 f - 935 stones (quivered)
Armour
 b - a +1 leather armour (worn)
 m - the +0 helmet "Visoheot" (worn) {rCorr}
   (You found it on level 4 of the Dungeon)

   It provides partial protection from all sources of acid and corrosion.
 n - a +0 chain mail
Magical Staves
 l - an uncursed staff of conjuration
Jewellery
 h - an amulet of regeneration (around neck)
 i - a ring of magical power (left hand)
 j - an uncursed amulet of magic regeneration
Wands
 s - a wand of iceblast (7)
Scrolls
 c - 3 scrolls of identify
 d - a scroll of fear
 e - a scroll of fog
 g - 3 scrolls of remove curse
 k - 2 scrolls of teleportation
 o - a scroll of magic mapping
 p - a scroll of enchant weapon
 q - a scroll of enchant armour


   Skills:
 + Level 3.4 Fighting
 + Level 5.4(5.5) Maces & Flails
 + Level 1.8(3.9) Staves
 + Level 1.1 Armour
 + Level 3.9 Dodging
 + Level 1.4 Stealth
 + Level 7.4 Spellcasting
 + Level 1.9 Hexes
 + Level 6.4 Charms
 + Level 2.6 Ice Magic


You had 12 spell levels left.
You knew the following spells:

 Your Spells              Type           Power        Failure   Level  Hunger
a - Infusion              Chrm           ###.....     1%          1    N/A
b - Song of Slaying       Chrm           ###.....     1%          2    N/A
c - Ozocubu's Armour      Chrm/Ice       ###.....     7%          3    N/A
d - Spectral Weapon       Hex/Chrm       ###.....     9%          3    N/A

Your spell library contained the following spells:

 Spells                   Type           Power        Failure   Level  Hunger
 Regeneration             Chrm/Necr      Unusable     N/A         3    N/A

Dungeon Overview and Level Annotations

Branches:
Dungeon (6/12)             Temple (1/1) D:4

Altars:
Ashenzari
Cheibriados
Dithmenos
Elyvilon
Fedhas
Gozag
Hepliaklqana
Kikubaaqudgha
Lugonu
Makhleb
Nemelex Xobeh
Okawaru
Qazlal
Ru
Sif Muna
Trog
Uskayaw
Vehumet
Wu Jian
Xom
Yredelemnul
The Shining One

Shops:
D:5 ?


Innate Abilities, Weirdness & Mutations

You do not eat or drink.
You are immune to poison.
Your flesh is cold resistant. (rC+)
Your body sometimes deteriorates upon taking damage.
You are immune to negative energy. (rN+++)
You regenerate a little health from kills.
You are immune to unholy pain and torment.
You can survive without breathing.
When hurt, damage is shared between your health and your magic reserves.
Your movements are slightly less encumbered by armour. (ER -2)
Casting spells heals you.


Message History

The orc wizard blinks!
The orc warrior completely misses you.
You barely miss the orc warrior. The orc warrior closely misses you.
You closely miss the orc warrior.
The orc warrior hits you with a +0 trident.
* * * LOW HITPOINT WARNING * * *
You closely miss the orc warrior. The orc warrior closely misses you.
You barely miss the orc warrior. The orc warrior closely misses you.
The orc wizard casts a spell.
The orc wizard blinks!
You sock the orc warrior!
The orc warrior is severely wounded.
The orc warrior hits you but does no damage.
You closely miss the orc warrior.
The orc warrior is severely wounded.
Your magical infusion is running out.
The orc warrior closely misses you.
You hit the orc warrior.
The orc warrior is almost dead.
The orc warrior hits you with a +0 trident!
You die...

........#.###.#.#
........#.# #.#.####
........#.###......#
.#.....##.......##.#
.##...#######.####.#
.###### #.# #.# +#
#.. #.#
#..###.####.###
#...@oo........ #
##.####.###..##
#%..##.####§#.....
.........).....?...
#...##.####.......#
# #. #......## ..
#.#...## #.. #.##$##
+# #.. #.. ...


You could see an orc warrior and an orc wizard.

Vanquished Creatures
  Eustachio (D:5)
  Duvessa (D:6)
  2 sky beasts
  An ogre (D:5)
  A centaur (D:6)
  A wyvern skeleton (D:6)
  A scorpion (D:5)
  A wight (D:5)
  3 crimson imps
  2 hounds
  2 bullfrog skeletons (D:4)
  2 centaur skeletons
  Jessica (D:3)
  An iguana (D:5)
  An orc wizard (D:6)
  5 worker ants
  A hound skeleton (D:4)
  5 adders
  3 oozes
  2 adder zombies
  2 worms
  3 dart slugs
  2 leopard geckos
  6 orcs
  A ball python (D:1)
  3 giant cockroaches
  7 goblins
  8 hobgoblins
  10 jackals
  6 kobolds
  5 quokkas
  8 bats
  7 frilled lizards
  5 rats
110 creatures vanquished.

Vanquished Creatures (others)
  3 spectral weapons
3 creatures vanquished.

Grand Total: 113 creatures vanquished

Notes
Turn   | Place    | Note
-------+----------+-------------------------------------------
     0 | D:1      | funkygono the Skeleton Skald began the quest for the Orb.
     0 | D:1      | Reached XP level 1. HP: 12/12 MP: 4/4
   456 | D:1      | Reached XP level 2. HP: 17/17 MP: 4/6
   501 | D:1      | Learned a level 2 spell: Song of Slaying
  1501 | D:2      | Reached XP level 3. HP: 20/21 MP: 7/7
  1543 | D:2      | Learned a level 3 spell: Ozocubu's Armour
  1863 | D:2      | HP: 1/21 [worm (9)]
  2520 | D:3      | Noticed Jessica
  2541 | D:3      | Killed Jessica
  2541 | D:3      | Reached skill level 1 in Ice Magic
  2541 | D:3      | Reached XP level 4. HP: 26/27 MP: 9/9
  2866 | D:3      | Reached XP level 5. HP: 23/31 MP: 7/10
  3253 | D:4      | Reached skill level 4 in Spellcasting
  3681 | D:4      | Learned a level 3 spell: Spectral Weapon
  3697 | D:4      | Found a shadowy altar of Dithmenos.
  3748 | D:4      | Gained mutation: You regenerate a little health from kills.
                  | [Skeleton growth]
  3748 | D:4      | Reached XP level 6. HP: 34/36 MP: 12/12
  3927 | D:4      | Got an ancient helmet
  3962 | D:4      | Identified the +0 helmet "Visoheot" {rCorr} (You found it
                  | on level 4 of the Dungeon)
  4141 | D:4      | Found a staircase to the Ecumenical Temple.
  4156 | Temple   | Entered the Ecumenical Temple
  4724 | Temple   | Became a worshipper of Vehumet
  4802 | D:5      | Entered Level 5 of the Dungeon
  4958 | D:5      | Reached skill level 5 in Spellcasting
  4985 | D:5      | Found Sitz's Magic Scroll Shop.
  5012 | D:5      | Bought a scroll of enchant weapon for 105 gold pieces
  5012 | D:5      | Bought a scroll of enchant armour for 105 gold pieces
  5212 | D:5      | Reached XP level 7. HP: 21/41 MP: 5/15
  5311 | D:5      | Noticed Eustachio
  5332 | D:5      | Killed Eustachio
  5332 | D:5      | Reached skill level 1 in Stealth
  5332 | D:5      | Reached skill level 6 in Spellcasting
  5332 | D:5      | Reached skill level 5 in Charms
  5493 | D:5      | Reached skill level 1 in Hexes
  5711 | D:5      | Reached skill level 5 in Maces & Flails
  6297 | D:6      | Reached XP level 8. HP: 16/46 MP: 2/17
  6830 | D:6      | Reached skill level 7 in Spellcasting
  6909 | D:6      | Reached skill level 1 in Staves
  7040 | D:6      | Noticed Duvessa
  7060 | D:6      | Killed Duvessa
  7091 | D:6      | Slain by an orc warrior

Skill      XL: |  1  2  3  4  5  6  7  8 |
---------------+-------------------------+-----
Charms         | 4 5 6 |  6.4
Maces & Flails | 3 4 5 |  5.4
Ice Magic      | 1 2 |  2.6
Spellcasting   | 4 5 6 7 |  7.4
Dodging        | 3 |  3.9
Fighting       | 3 |  3.4
Stealth        | 1 |  1.4
Hexes          | 1 |  1.9
Staves         | 1 |  1.8
Armour         | |  1.1

Action                   |  1- 3 |  4- 6 |  7- 9 || total
-------------------------+-------+-------+-------++-------
Melee: Mace              |   125 |   230 |    48 ||   403
       Quarterstaff      |       |       |    55 ||    55
 Cast: Infusion          |    25 |    34 |    19 ||    78
       Song of Slaying   |     1 |     8 |     2 ||    11
       Ozocubu's Armour  |     5 |     9 |     5 ||    19
       Spectral Weapon   |       |     6 |    12 ||    18
  Use: Scroll            |     5 |     2 |     3 ||    10
Armor: Leather armour    |    52 |    66 |    25 ||   143
Dodge: Dodged            |   101 |   161 |    61 ||   323
